 Dungeon Crawl Stone Soup version 0.23.2-40-g277498a001 (webtiles) character file.

Game seed: 6522694189031296256

278 Martska the Ducker (level 6, 0/46 HPs)
             Began as a Merfolk Ice Elementalist on Oct 1, 2019.
             Slain by a leopard gecko skeleton (1 damage)
             ... on level 4 of the Dungeon.
             The game lasted 00:12:23 (4742 turns).

Martska the Ducker (Merfolk Ice Elementalist)       Turns: 4742, Time: 00:12:23

Health: 0/46       AC:  3    Str:  8    XL:     6   Next: 26%
Magic:  3/9        EV: 14    Int: 15    God:
Gold:   105        SH:  0    Dex: 16    Spells: 7/10 levels left

rFire    + . .     SeeInvis .   i - -2 spear (curse)
rCold    + . .     Gourm    .   (no shield)
rNeg     . . .     Faith    .   m - +0 leather armour (curse)
rPois    .         Spirit   .   (no helmet)
rElec    .         Reflect  .   q - scarf {rC+ rF+}
rCorr    .         Harm     .   (no gloves)
MR       .....                  (no boots)
Stlth    ++........             (no amulet)
HPRegen  0.15/turn              (no ring)
MPRegen  0.11/turn              (no ring)

@: lethally poisoned (0 -> -22), very slightly contaminated, slowed, very slow
A: change form in water, swift swim, stealthy swim
a: no special abilities


You were on level 4 of the Dungeon.
You were not hungry.

You visited 1 branch of the dungeon, and saw 4 of its levels.

You collected 105 gold pieces.

Inventory:

Hand Weapons
 d - a +0 short sword
 i - a cursed -2 spear (weapon)
Missiles
 n - 6 silver javelins (quivered)
 o - 5 curare-tipped needles
Armour
 a - a +0 robe
 b - a +0 leather armour
 m - a cursed +0 leather armour (worn)
 p - a cursed +0 helmet
 q - a scarf of resistance (worn)
Jewellery
 j - an uncursed ring of magical power
Scrolls
 e - 2 scrolls of magic mapping {unknown}
 f - 5 scrolls of amnesia {unknown}
 h - 2 scrolls of fear {unknown}
 k - 2 scrolls of enchant weapon {unknown}
 l - 4 scrolls of identify {unknown}
 s - 2 scrolls of remove curse {unknown}
Potions
 g - a potion of mutation {unknown}
 r - a potion of brilliance {unknown}


   Skills:
 * Level 2.9 Fighting
 * Level 3.3 Polearms
 * Level 4.6 Dodging
 + Level 3.2 Stealth
 + Level 2.6 Spellcasting
 - Level 0.7 Conjurations
 + Level 4.0 Ice Magic


You had 7 spell levels left.
You knew the following spells:

 Your Spells              Type           Power        Failure   Level  Hunger
a - Freeze                Ice            ##..         5%          1    #......
b - Throw Frost           Conj/Ice       #.....       17%         2    ###....

Your spell library contained the following spells:

 Spells                   Type           Power        Failure   Level  Hunger
 Ozocubu's Armour         Chrm/Ice       #.......     36%         3    ###....
 Throw Icicle             Conj/Ice       #.......     75%         4    #####..
 Summon Ice Beast         Ice/Summ       #.......     78%         4    #####..


Dungeon Overview and Level Annotations

Branches:
Dungeon (4/15)
 Temple: D:4-7

Altars:

Annotations:
D:2 Sigmund


Message History

You freeze the orc.
The orc is almost dead.
* * * LOW HITPOINT WARNING * * *
You feel sick. The iguana barely misses you.
The orc hits you with a +2 dagger of venom.
* * * LOW HITPOINT WARNING * * *
The orc wizard gestures at you while chanting.
You feel yourself slow down. The leopard gecko skeleton bites you.
* * * LOW HITPOINT WARNING * * *
Casting: Freeze (safe; 6% risk of failure)
Confirm with . or Enter, or press ? or * to list all spells.
Aiming: Freeze (safe; 6% risk of failure)
Press: ? - help, Shift-Dir - straight line, f/p - orc
Aim: an orc, wielding a +2 dagger of venom (almost dead)
You freeze the orc!
You kill the orc!
* * * LOW HITPOINT WARNING * * *
You feel very sick. The iguana closely misses you.
The leopard gecko skeleton bites you.
You die...

....... ..##.........
....... ##.##..# .....
.......##..###)#### .....
........#.....<...##.....
.8...8........>.........
#........o.#.........
#.......#..###.......
o......##.......#l.......
...............)@Z.....#
###.............##..$..#
##..###.#..#### #......
... ####.# .#.##. ....
..# . # ..... ...# .#
..... . ..#### ..


You could see an iguana, an orc wizard and a leopard gecko skeleton.

Vanquished Creatures
  4 orc wizards (D:3)
  A worker ant (D:4)
  6 adders
  An ooze (D:2)
  A worm (D:3)
  2 dart slugs (D:1)
  14 orcs
  3 giant cockroaches
  6 goblins
  4 hobgoblins
  4 jackals (D:2)
  5 bats
  3 frilled lizards
  7 kobolds
  A quokka skeleton (D:4)
  9 rats
71 creatures vanquished.

Vanquished Creatures (others)
  An orc (D:3)
1 creature vanquished.

Grand Total: 72 creatures vanquished

Notes
Turn   | Place    | Note
-------+----------+-------------------------------------------
     0 | D:1      | Martska the Merfolk Ice Elementalist began the quest for
                  | the Orb.
     0 | D:1      | Reached XP level 1. HP: 13/13 MP: 3/3
   186 | D:1      | Reached XP level 2. HP: 13/20 MP: 5/5
   503 | D:1      | Learned a level 2 spell: Throw Frost
   541 | D:1      | Reached skill level 1 in Fighting
   919 | D:2      | Reached XP level 3. HP: 24/26 MP: 6/6
  1009 | D:2      | Reached skill level 1 in Polearms
  1515 | D:2      | Reached XP level 4. HP: 6/32 MP: 1/7
  1929 | D:2      | Noticed Sigmund
  3508 | D:3      | Reached XP level 5. HP: 34/38 MP: 3/8
  4212 | D:4      | Reached XP level 6. HP: 46/46 MP: 3/9
  4325 | D:4      | Noticed a phantom
  4742 | D:4      | HP: 1/46 [poisoned by an orc]
  4742 | D:4      | Slain by a leopard gecko skeleton

Skill      XL: |  1  2  3  4  5 |
---------------+----------------+-----
Dodging        | 3 4 |  4.6
Fighting       | 1 2 |  2.9
Polearms       | 1 2 3 |  3.3
Stealth        | 3 |  3.2
Ice Magic      | 4 |  4.0
Spellcasting   | |  2.6
Conjurations   | |  0.7

Action                   |  1- 3 |  4- 6 || total
-------------------------+-------+-------++-------
Melee: Short sword       |    31 |       ||    31
       Unarmed           |     2 |       ||     2
       Spear             |    46 |   118 ||   164
 Cast: Freeze            |    23 |    76 ||    99
       Throw Frost       |     2 |     1 ||     3
  Use: Potion            |     2 |       ||     2
 Stab: Sleeping          |     2 |     1 ||     3
  Eat: Ration            |     1 |     3 ||     4
Armor: Robe              |    20 |       ||    20
       Leather armour    |    13 |    27 ||    40
Dodge: Dodged            |    86 |   153 ||   239
